AoeStats
← MrSlow

Arena

509917350Analyzed
1v1 RM · 2d ago on Sep 28, 2026· 54m 28s· 2 players
Game mode
Random Map
Map size
Tiny (2 player)
Population
200
Speed
Normal
Resources
Standard
Victory
Conquest
Starting age
Dark Age
Ending age
Imperial Age
RankedLock teamsTeams togetherTeam positionsShared explorationLock speedFull tech treeHidden civsTurbo modeCheats
Victory
Defeat
🇧🇷 Burmese · Brazil
717
+14
🇧🇬 Tatars · Bulgaria
684
-14
MrSlow
10:26 Feudal Age
13:23 Double-Bit Axe
16:55 Castle Age
28:12 Imperial Age
27:32 Loom
38:11 Scale Mail Armor
38:22 Forging
39:53 Elite Keshik
44:00 Iron Casting
53:44 Fletching
RCFidelis
1:14 Loom
10:22 Feudal Age
11:50 Wheelbarrow
12:33 Gold Mining
14:29 Stone Mining
17:19 Castle Age
17:39 Horse Collar
24:13 Fletching
24:23 Padded Archer Armor
25:38 Town Watch
25:56 Padded Archer Armor
27:32 Heavy Plow
35:04 Imperial Age
32:39 Pikeman
33:20 Squires
35:06 Forging
34:56 Scale Mail Armor
36:00 Ballistics
37:38 Hand Cart
38:54 Chemistry
41:09 Chain Mail Armor
40:51 Gambesons
41:03 Halberdier
44:56 Elite Skirmisher
46:22 Crop Rotation
46:09 Capped Ram
47:14 Town Patrol
47:19 Murder Holes
50:49 Gold Shaft Mining
51:43 Onager
53:29 Iron Casting
53:24 Plate Mail Armor
52:50 Bodkin Arrow
54:19 Scale Barding Armor
Connection lost

Rejoining the realm…

Still unreachable

The connection could not be restored.

Session expired

The server has moved on; the page needs a fresh start.